 Dungeon Crawl Stone Soup version 0.24.0-1-gfbc8707122 (webtiles) character file.

Game seed: 14609433174588520075, levelgen mode: deterministic

24 Froggeryz the Cutter (level 3, -8/24 HPs)
             Began as a Kobold Chaos Knight on Oct 26, 2019.
             Was a Plaything of Xom.
             Engulfed by a fire crab (glowing shapeshifter)'s flame (21 damage)
             ... on level 1 of the Dungeon.
             The game lasted 00:00:54 (517 turns).

Froggeryz the Cutter (Kobold Chaos Knight)           Turns: 517, Time: 00:00:55

Health: -8/24      AC:  5    Str:  9    XL:     3   Next: 15%
Magic:  3/3        EV: 14    Int: 13    God:    Xom [*.....]
Gold:   44         SH:  0    Dex: 15    Spells: 2/2 levels left

rFire    . . .     SeeInvis .   a - +0 short sword (chaos)
rCold    . . .     Gourm    .   (shield restricted)
rNeg     . . .     Faith    .   b - +2 leather armour
rPois    .         Spirit   .   (no helmet)
rElec    .         Reflect  .   (no cloak)
rCorr    .         Harm     .   (no gloves)
MR       .....                  (no boots)
Stlth    +.........             (no amulet)
HPRegen  0.08/turn              (no ring)
MPRegen  0.08/turn              (no ring)

@: no status effects
A: small, carnivore
a: Renounce Religion


You were on level 1 of the Dungeon.
You worshipped Xom.
You were a special plaything of Xom.
You were completely stuffed.

You visited 1 branch of the dungeon, and saw 1 of its levels.

You collected 44 gold pieces.

Inventory:

Hand Weapons
 a - a +0 short sword of chaos (weapon)
Armour
 b - a +2 leather armour (worn)
Scrolls
 e - 2 scrolls of identify {unknown}
 g - a scroll of noise {unknown}
 h - a scroll of teleportation {unknown}
Potions
 d - a potion of curing {unknown}
 f - a potion of heal wounds {unknown}
Comestibles
 c - 3 rations


   Skills:
 + Level 3.7 Fighting
 * Level 5.0 Short Blades
 - Level 0.7 Armour
 - Level 2.4 Dodging


You had 2 spell levels left.
You didn't know any spells.
Your spell library was empty.

Dungeon Overview and Level Annotations

Branches:
Dungeon (1/15)

Altars:


Innate Abilities, Weirdness & Mutations

You are small and have problems with some larger weapons.
You are carnivorous and can eat meat at any time.


Message History

Xom's power touches on a nearby monster.
The fire crab seems to speed up.
The fire crab closely misses your butterfly.
The fire crab completely misses your butterfly.
The fire crab closely misses your butterfly.
The fire crab claws your butterfly.
Your butterfly dies!
The fire crab completely misses your butterfly.
The fire crab claws your butterfly!
Your butterfly dies!
The fire crab breathes flames at you.
Your butterfly is engulfed in blazing flames.
Your butterfly dies!
Your butterfly is engulfed in blazing flames.
Your butterfly dies!
The fire crab breathes flames at you.
You are engulfed in blazing flames.
Ouch! That really hurt!
You die...
Xom snickers!

#.# ######'######
########.#########..........#.
####.....##.##......#....).....'#
...#........##......#....).....'#
...#........##.○○...#..........#.
...#........##.○°○..######+######
..............○○○°°°b.......# #
..........#.#.#○○°°○°.......#
..........#.#.#○@##°°°......###.#
..........#.#.#○......t.........#
.........÷..#........b..%.)...#
##..........#####.###########.#
##................#.......
.#.........######.#.......
.'.........'...>..........
.####..÷...######.........
.######...................


You could see a fire crab shaped shifter.

Vanquished Creatures
  2 leopard geckos (D:1)
  3 bats (D:1)
  A giant cockroach (D:1)
  A goblin (D:1)
  3 hobgoblins (D:1)
  4 jackals (D:1)
  A ball python (D:1)
  A frilled lizard (D:1)
  2 kobolds (D:1)
  2 rats (D:1)
20 creatures vanquished.

Notes
Turn   | Place    | Note
-------+----------+-------------------------------------------
     0 | D:1      | Froggeryz the Kobold Chaos Knight began the quest for the
                  | Orb.
     0 | D:1      | Reached XP level 1. HP: 14/14 MP: 1/1
    30 | D:1      | XOM: silly message
   102 | D:1      | Reached XP level 2. HP: 19/19 MP: 2/2
   281 | D:1      | Reached XP level 3. HP: 15/23 MP: 3/3
   289 | D:1      | Reached skill level 5 in Short Blades
   347 | D:1      | XOM: silly message
   507 | D:1      | Noticed a glowing shapeshifter
   507 | D:1      | a hobgoblin changed into a glowing shapeshifter
   507 | D:1      | XOM: butterfly on damage
   508 | D:1      | Noticed a death drake
   508 | D:1      | a glowing shapeshifter changed into a death drake
   509 | D:1      | Noticed a fire crab
   509 | D:1      | a death drake changed into a fire crab
   512 | D:1      | XOM: enchant monster (bad)
   517 | D:1      | Engulfed by a fire crab (glowing shapeshifter)'s flame

Levels and vault maps discovered:
D:1:      saegor_arrival_simple_e, layout_basic, chequers_serial_rivers_room_a,
          minmay_distorted

Skill      XL: |  1  2  3 |
---------------+----------+-----
Short Blades   | 5 |  5.0
Fighting       | |  3.7
Armour         | |  0.7
Dodging        | |  2.4

Action                   || total
-------------------------++-------
Melee: Short sword       ||    63
 Stab: Sleeping          ||     1
  Eat: Chunk             ||     7
Armor: Leather armour    ||    20
Dodge: Dodged            ||    61
